Unix NetHack Version 3.7.0-53 Work-in-progress - last build Apr 18 2022 03:42:42 (02b85442fffe0e2954e411e09df771b56fe27bbc,branch:master). Game began 2022-05-04 15:05:41, ended 2022-05-06 17:40:36. Arasaka, neutral male gnomish Healer ----- |..^- #### |.#.| 0###### -------------- |....# ## |..........<.| -----# ##################-..d.........| # # ---.---------- # ----------.-------- @ # ####.........|....|....# #r# ### ## |........|....|...|# # #-----# ##).........|.^..|...|## ### #|...|### |........|....|...| ## # #|...|# |........|....|...| ### # #|...|# |........--+-.-...| ## # #.....# |.................| ##-|----- |...| |.................| #|.....| |.>.| |.................| #|r....| ----- |.................| #....(%| ------------------- |...>.| ------- Arasaka the Rhizotomist St:10 Dx:8 Co:15 In:10 Wi:16 Ch:16 Neutral Dlvl:3 $:1560 HP:0(12) Pw:7(7) AC:8 Xp:1/7 T:1368 Hungry Latest messages: You only feel hungry now. What do you want to eat? [j or ?*] Core dumped. What do you want to eat? [j or ?*] Core dumped. You see here a large box. Hmmm, it turns out to be locked. There is a locked large box here; force its lock? [ynq] (q) You force your scalpel into a crack and pry. You succeed in forcing the lock. t - a scroll labeled PRIRUTSENIE. u - a dull spellbook. Korone bites the green mold. Korone bites the green mold. The green mold is killed! Korone is splashed by the green mold's acid! v - a scroll labeled PRIRUTSENIE. You see here a green mold corpse. You descend the stairs. You climb up the stairs. You swap places with Korone. You are beginning to feel hungry. You swap places with Korone. Where do you want to travel to? (For instructions type a '?') You swap places with Korone. Where do you want to travel to? (For instructions type a '?') You miss the giant rat. You miss the giant rat. The giant rat bites! You swap places with Korone. You hear some noises. Korone misses it. Korone misses it. You swap places with Korone. The giant rat bites! You miss the giant rat. The giant rat misses! You hear the chime of a cash register. You miss the giant rat. The giant rat bites! You miss the giant rat. The giant rat bites! You hit the giant rat. The giant rat misses! You hit the giant rat. The giant rat bites! The giant rat bites! You die... Major events: Turn 1: Arasaka the neutral male gnomish Healer entered the dungeon 1277: entered the Gnomish Mines 1368: killed by a giant rat Inventory: Coins ('$') $ - 1560 gold pieces Amulets ('"') m - an uncursed amulet of magical breathing (being worn) Weapons (')') a - an uncursed +0 scalpel (weapon in hand) Armor ('[') b - an uncursed +1 pair of leather gloves (being worn) Scrolls ('?') k - an uncursed scroll of light v - an uncursed scroll of scare monster t - a cursed scroll of scare monster Spellbooks ('+') h - a blessed spellbook of extra healing g - a blessed spellbook of healing u - an uncursed spellbook of knock i - a blessed spellbook of stone to flesh Potions ('!') e - 4 uncursed potions of extra healing d - 4 uncursed potions of healing Rings ('=') o - an uncursed ring of levitation Wands ('/') f - an uncursed wand of sleep (0:7) Tools ('(') c - an uncursed stethoscope Gems/Stones ('*') n - a cursed fluorite stone l - an uncursed worthless piece of yellowish brown glass Arasaka the Healer's attributes: Background: You were a Rhizotomist, a level 1 male gnomish Healer. You were neutral, nominally on a mission for Hermes who was opposed by Athena (lawful) and Poseidon (chaotic). You were in the Dungeons of Doom, on level 3. You entered the dungeon 1368 turns ago. You had 7 experience points, 13 more were needed to attain level 2. Basics: You had 0 out of 12 hit points. You had all 7 energy points (spell power). Your armor class was 8. Your wallet contained 1560 zorkmids. Autopickup was on for '$"?' plus thrown, with exceptions. Final Characteristics: Your strength was 10 (limit:18/50). Your dexterity was 8 (limit:18). Your constitution was 15 (limit:18). Your intelligence was 10 (limit:19). Your wisdom was 16 (limit:18). Your charisma was 16 (limit:18). Final Status: You were hungry. You were unencumbered. You were wielding a knife. You had basic skill with knife. Final Attributes: You were devoutly aligned. You were poison resistant. You had infravision. You could survive without air. You are dead. Miscellaneous: You disabled loading of bones levels. Total elapsed playing time was 36 minutes and 11 seconds. Vanquished creatures: 2 giant rats a green mold a gnome zombie a jackal 3 kobolds a grid bug a bat a lichen a kobold zombie 4 newts 16 creatures vanquished. No species were genocided or became extinct. Voluntary challenges: You were an atheist. You read items or engraved 1 time. You engraved Elbereth 1 time. You never genocided any monsters. You never polymorphed an object. You never changed form. You used no wishes. Achievement: You entered the Gnomish Mines. The Dungeons of Doom: levels 1 to 3 Level 1: Level 2: A fountain. Level 3: <- You were here. A tree. Stairs down to The Gnomish Mines. Final resting place for you, killed by a giant rat. The Gnomish Mines: Level 4: Game over: ---------- / \ / REST \ / IN \ / PEACE \ / \ | Arasaka | | 1560 Au | | killed by a | | giant rat | | | | | | 2022 | *| * * * | * _________)/\\_//(\/(/\)/\//\/|_)_______ Goodbye Arasaka the Healer... You died in The Dungeons of Doom on dungeon level 3 with 216 points, and 1560 pieces of gold, after 1368 moves. You were level 1 with a maximum of 12 hit points when you died.